 Dungeon Crawl Stone Soup version 0.28-a0-1080-g05a166d0ed (webtiles) character file.

Game seed: 9198882906466654987

181 spiderkeys the Ducker (level 5, 0/31 HPs)
             Began as a Deep Elf Abyssal Knight on Dec 10, 2021.
             Was a Believer of Lugonu.
             Slain by Terence (1 damage)
             ... on level 3 of the Dungeon.
             The game lasted 00:04:38 (2946 turns).

spiderkeys the Ducker (Deep Elf Abyssal Knight)     Turns: 2946, Time: 00:04:39

Health: 0/31       AC:  8    Str: 10    XL:     5   Next: 34%
Magic:  4/11       EV: 13    Int: 17    God:    Lugonu [**....]
Gold:   56         SH:  0    Dex: 15    Spells: 9/10 levels left

rFire   . . .      SeeInvis .   j - +5 dagger
rCold   . . .      Faith    .   (no shield)
rNeg    . . .      Spirit   .   i - +1 leather armour
rPois   .          Reflect  .   (no helmet)
rElec   .          Harm     .   (no cloak)
rCorr   .          Rampage  .   (no gloves)
Will    .....                   (no boots)
Stlth   +.........              (no amulet)
HPRegen 0.10/turn               O - +4 ring of protection
MPRegen 0.12/turn               (no ring)

@: very slightly contaminated, hasted, very quick
A: no striking features
a: Renounce Religion, Depart the Abyss, Bend Space


You were on level 3 of the Dungeon.
You worshipped Lugonu.
Lugonu was pleased with you.
You visited 1 branch of the dungeon, and saw 3 of its levels.
You visited the Abyss 1 time.

You collected 56 gold pieces.


   Skills:
 - Level 2.4 Fighting
 - Level 3.0 Short Blades
 - Level 0.7 Armour
 + Level 4.3 Dodging
 + Level 3.1 Spellcasting
 + Level 2.5 Fire Magic
 - Level 2.0 Invocations


You had 9 spell levels left.
You knew the following spells:

 Your Spells              Type           Power      Damage    Failure   Level
f - Foxfire               Conj/Fire      24%        2x1d5     14%         1

Your spell library contained the following spells:

 Spells                   Type           Power      Damage    Failure   Level
 Passwall                 Tmut/Erth      1%         N/A       34%         2
 Conjure Flame            Conj/Fire      6%         6-21      38%         3
 Inner Flame              Hex/Fire       6%         N/A       38%         3
 Swiftness                Air            2%         N/A       56%         3
 Flame Wave               Conj/Fire      6%         2d4       80%         4

Inventory:

Hand Weapons
 a - a +1 short sword
 b - a +0 hunting sling
   (You found it on level 2 of the Dungeon)
 j - a +5 dagger (weapon)
   (You took it off a kobold on level 2 of the Dungeon)
Missiles
 c - 18 arrows
 h - 4 stones
Armour
 i - a +1 leather armour (worn)
Jewellery
 O - a +4 ring of protection (left hand)
   (You found it on level 2 of the Dungeon)
Scrolls
 f - a scroll of teleportation {@r4}

Dungeon Overview and Level Annotations

Branches:
Dungeon (3/15)

Altars:

Annotations:
D:2 Sigmund
D:3 Terence

####### #.....#
#.....# #.....#
######.....#
.......@<..#
######.@...######
#......†....
#...†.......
###.........
#.........
###.........
#........###
#........#


You could see Terence.


Message History

You kill the adder!
Lugonu accepts your kill.
Key pressed, stopping explore.
Terence the Incautious comes into view.
He is wielding a +2 vorpal falchion.
Terence shouts! 😎 HP[+8] MP[+5]
Your hp is fully restored (31).
Your mp is fully restored (11).
Casting: Foxfire (safe; 14% risk of failure)
Confirm with . or Enter, or press ? or * to list all spells.
You conjure some foxfire!
A bat comes into view.
Terence asks, "Do you want it fast or slow?"
The bat moves out of view. 😎 MP[-1]
You lost 1 mp, and now have 10/11 mp.
Casting: Foxfire (safe; 14% risk of failure)
Confirm with . or Enter, or press ? or * to list all spells.
You conjure some foxfire!
The foxfire hits Terence but does no damage. 😎 MP[-1]
You lost 1 mp, and now have 9/11 mp.
Casting: Foxfire (safe; 14% risk of failure)
Confirm with . or Enter, or press ? or * to list all spells.
You conjure some foxfire!
The foxfire hits Terence.
The foxfire hits Terence but does no damage.
The foxfire hits Terence. 😎 MP[-1]
You lost 1 mp, and now have 8/11 mp.
Casting: Foxfire (safe; 14% risk of failure)
Confirm with . or Enter, or press ? or * to list all spells.
You conjure some foxfire!
The foxfire hits Terence. 😎 MP[-1]
You lost 1 mp, and now have 7/11 mp.
Casting: Foxfire (safe; 14% risk of failure)
Confirm with . or Enter, or press ? or * to list all spells.
You conjure some foxfire!
The foxfire hits Terence but does no damage. x3 😎 MP[-1]
You lost 1 mp, and now have 6/11 mp.
You hit Terence.
The foxfire hits Terence but does no damage. x2
The bat hits you but does no damage. Terence closely misses you.
You closely miss Terence. The bat closely misses you.
The bat hits you but does no damage.
You hit Terence. The bat barely misses you.
Terence hits you with a +2 vorpal falchion. 😮 HP[-8]
You take 8 damage, and now have 23/31 hp.
MASSIVE DAMAGE!! (PAUSE)
The bat hits you but does no damage. 😮 MP[+1]
The bat barely misses you. The bat hits you but does no damage.
The bat closely misses you.
You closely miss Terence. The bat hits you but does no damage.
Terence hits you with a +2 vorpal falchion. 😮 HP[-2]
You take 2 damage, and now have 21/31 hp.
You closely miss Terence.
Terence hits you with a +2 vorpal falchion.
* * * LOW HITPOINT WARNING * * *
😨 HP[-7]
You take 7 damage, and now have 14/31 hp.
MASSIVE DAMAGE!! (PAUSE)
Casting: Foxfire (safe; 14% risk of failure)
Confirm with . or Enter, or press ? or * to list all spells.
You miscast Foxfire.
You are very lightly contaminated with residual magic.
Nothing appears to happen.
The bat barely misses you.
Terence barely misses you. 😨 HP[+1] MP[-1]
You lost 1 mp, and now have 6/11 mp.
Space bends around you!
You blink. 😨 HP[-2] MP[-1]
You take 2 damage, and now have 13/31 hp.
You lost 1 mp, and now have 5/11 mp.
Casting: Foxfire (safe; 14% risk of failure)
Confirm with . or Enter, or press ? or * to list all spells.
You conjure some foxfire!
The bat hits you but does no damage.
The foxfire hits Terence but does no damage.
You hit Terence.
The foxfire hits the bat.
You kill the bat!
Lugonu accepts your kill.
Casting: Foxfire (safe; 14% risk of failure)
Confirm with . or Enter, or press ? or * to list all spells.
You conjure some foxfire!
Terence hits you with a +2 vorpal falchion!
* * * LOW HITPOINT WARNING * * *
x2 😱 HP[-12] MP[-1]
You take 12 damage, and now have 1/31 hp.
MASSIVE DAMAGE!! (PAUSE)
You lost 1 mp, and now have 4/11 mp.
The foxfire hits Terence. x2
You don't have enough health at the moment.
Unknown command.
Unknown command.
It was a potion of haste.
You feel yourself speed up.
Terence hits you with a +2 vorpal falchion.
You die...

Skill      XL: |  1  2  3  4 |
---------------+-------------+-----
Dodging        | 3 4 |  4.3
Short Blades   | 3 |  3.0
Spellcasting   | 2 3 |  3.1
Fire Magic     | 1 2 |  2.5
Fighting       | |  2.4
Armour         | |  0.7
Invocations    | |  2.0

Action                   |  1- 3 |  4- 6 || total
-------------------------+-------+-------++-------
Melee: Short sword       |   121 |       ||   121
       Dagger            |    15 |    19 ||    34
 Cast: Foxfire           |    10 |    12 ||    22
Invok: Depart the Abyss  |     1 |       ||     1
       Bend Space        |       |     1 ||     1
  Use: Scroll            |       |     4 ||     4
       Potion            |       |     1 ||     1
 Stab: Sleeping          |     3 |       ||     3
Armor: Leather armour    |    25 |     7 ||    32
Dodge: Dodged            |    73 |    16 ||    89

Levels and vault maps discovered:
D:1:      wheals_arrival_shading, layout_basic, minmay_fountain_box,
          nicolae_wormholes
D:2:      layout_loops_ring, hellmonk_ecumenical_altar_leap_of_faith,
          uniq_sigmund
D:3:      layout_basic, mainiacjoe_overflow_swirl, kennysheep_path_1,
          uniq_natasha, uniq_terence, uniq_robin

Notes
Turn   | Place    | Note
-------+----------+-------------------------------------------
     0 | Abyss:1  | spiderkeys the Deep Elf Abyssal Knight began the quest for
                  | the Orb.
     0 | Abyss:1  | Reached XP level 1. HP: 13/13 MP: 4/4
     0 | Abyss:1  | magus.rc [v1.9.10]
     7 | Abyss:1  | You pick up a book of Flames and begin reading...
     7 | Abyss:1  | You add the spells Foxfire, Conjure Flame, Inner Flame and
                  | Flame Wave to your library.
    82 | Abyss:1  | Noticed a raiju
   109 | Abyss:1  | Noticed a spriggan defender skeleton
   113 | D:1      | You pass through the gate.
   113 | D:1      | Escaped the Abyss
   328 | D:1      | Reached * piety under Lugonu
   527 | D:1      | Reached XP level 2. HP: 18/18 MP: 5/5
   895 | D:1      | Reached skill level 3 in Dodging
   918 | D:1      | Learned a level 1 spell: Foxfire
  1078 | D:1      | Reached skill level 3 in Short Blades
  1246 | D:1      | Reached XP level 3. HP: 22/22 MP: 6/6
  1802 | D:2      | Noticed Sigmund
  1898 | D:2      | Reached skill level 1 in Spellcasting
  1972 | D:2      | You pick up a book of Burglary and begin reading...
  1972 | D:2      | You add the spells Passwall and Swiftness to your library.
  2129 | D:2      | Reached skill level 1 in Fire Magic
  2394 | D:2      | Reached ** piety under Lugonu
  2572 | D:2      | Noticed a scorpion
  2588 | D:2      | Killed a scorpion
  2589 | D:2      | Reached skill level 2 in Spellcasting
  2589 | D:2      | Reached XP level 4. HP: 26/27 MP: 6/9
  2756 | D:2      | Found a faded altar of an unknown god.
  2813 | D:3      | Noticed a scorpion
  2816 | D:3      | Reached skill level 2 in Fire Magic
  2827 | D:3      | Killed a scorpion
  2828 | D:3      | Reached skill level 4 in Dodging
  2828 | D:3      | Reached skill level 3 in Spellcasting
  2828 | D:3      | Reached XP level 5. HP: 21/31 MP: 6/11
  2925 | D:3      | Noticed Terence
  2944 | D:3      | HP: 4/31 [Terence (9)]
  2944 | D:3      | HP: 1/31 [Terence (3)]
  2946 | D:3      | Slain by Terence

Vanquished Creatures
  2 scorpions
  An adder (D:3)
  2 worms
  4 ball pythons
  7 bats
  4 endoplasms
  3 giant cockroaches (D:1)
  3 goblins (D:1)
  6 hobgoblins
  4 jackals (D:1)
  5 kobolds
  2 quokkas
  3 frilled lizards
  2 rats
48 creatures vanquished.

Vanquished Creatures (others)
  38 foxfires
38 creatures vanquished.

Grand Total: 86 creatures vanquished

Table legend:
 A = Non-vault XP
 B = Vault XP
 C = Vault XP percentage of total XP
 D = Non-vault monster count
 E = Vault monster count
 F = Vault count percentage of total count
                 A         B        C        D         E       F
            +---------+---------+-------+---------+---------+-------
      Total |     249 |      10 |   3.9 |      46 |       2 |   4.2
            +---------+---------+-------+---------+---------+-------
        D:1 |      48 |       5 |   9.4 |      27 |       1 |   3.6
        D:2 |     102 |       5 |   4.7 |      15 |       1 |   6.2
        D:3 |      99 |       0 |   0.0 |       4 |       0 |   0.0
            +---------+---------+-------+---------+---------+-------

Illustrated notes

Table legend:
 A = Kills in this place as a percentage of kills in entire the game.
 B = Kills by you in this place as a percentage of kills by you in the entire game.
 C = Kills by friends in this place as a percentage of kills by friends in the entire game.
 D = Other kills in this place as a percentage of other kills in the entire game.
 E = Experience gained in this place as a percentage of experience gained in the entire game.
 F = Experience gained in this place divided by the number of levels of this place that you have seen.
                   A       B       C       D       E      F
               +-------+-------+-------+-------+-------+----------------------
         Total | 100.0 | 100.0 |   N/A |   N/A | 100.0 |  64.8
       Dungeon | 100.0 | 100.0 |   N/A |   N/A | 100.0 |  86.3
               +-------+-------+-------+-------+-------+----------------------

Table legend: (Time is in decaauts)
 A = Elapsed time spent in this place.
 B = Non-inter-level travel time spent in this place.
 C = Inter-level travel time spent in this place.
 D = Time resting spent in this place.
 E = Time spent auto-exploring this place.
 F = Levels seen in this place.
 G = Mean time per level.
                   A        B        C        D        E       F      G
               +--------+--------+--------+--------+--------+-----+--------+
         Total |   2934 |   2858 |     76 |      0 |   2339 |   4 |  733.5 |
       Dungeon |   2821 |   2745 |     76 |      0 |   2258 |   3 |  940.3 |
         Abyss |    113 |    113 |      0 |      0 |     81 |   1 |  113.0 |
               +--------+--------+--------+--------+--------+-----+--------+

Top non-repeatable levels by time:
     D:1: 1654 daAuts
     D:2: 1031 daAuts
     D:3: 135 daAuts
 Abyss:1: 113 daAuts
